 Dungeon Crawl Stone Soup version 0.29.1-15-g9cfb28693d (webtiles) character file.

Game seed: 9951971493751357978

23 DemonSlayer the Digger (level 2, -3/19 HPs)
             Began as a Demonspawn Earth Elementalist on Mar 9, 2023.
             Slain by Terence
             ... wielding a +0 falchion
              (8 damage)
             ... on level 2 of the Dungeon.
             The game lasted 00:01:55 (1541 turns).

DemonSlayer the Digger (DsEE)                       Turns: 1541, Time: 00:01:55

Health: -3/19      AC:  3    Str:  8    XL:     2   Next: 75%
Magic:  2/5        EV: 12    Int: 16    God:
Gold:   35         SH:  4    Dex: 13    Spells: 4/5 levels left

rFire   . . .      SeeInvis .   g - +0 dagger
rCold   . . .      Faith    .   (no shield)
rNeg    . . .      Spirit   .   a - +0 robe
rPois   .          Reflect  .   (no helmet)
rElec   .          Harm     .   l - +0 cloak
rCorr   .          Rampage  .   (no gloves)
Will    .....                   (no boots)
Stlth   ++........              (no amulet)
HPRegen 0.06/turn               (no ring)
MPRegen 0.09/turn               (no ring)

@: no status effects
A: condensation shield
a: no special abilities


You were on level 2 of the Dungeon.
You visited 1 branch of the dungeon, and saw 2 of its levels.

You collected 35 gold pieces.

Inventory:

Hand Weapons
 g - a +0 dagger (weapon)
Armour
 a - a +0 robe (worn)
 l - a +0 cloak (worn)
Scrolls
 b - a scroll of magic mapping {unknown}
 d - 4 scrolls of identify {unknown}
 h - a scroll of noise {unknown}
 i - a scroll of brand weapon {unknown}
 k - a scroll of teleportation {unknown}
Potions
 c - a potion of brilliance {unknown}
 e - 2 potions of curing {unknown}
 f - a potion of resistance {unknown}
 j - a potion of might {unknown}


   Skills:
 + Level 2.2 Dodging
 + Level 1.7 Stealth
 + Level 0.1 Unarmed Combat
 + Level 2.2 Spellcasting
 + Level 0.8 Transmutations
 + Level 3.1 Earth Magic


You had 4 spell levels left.
You knew the following spells:

 Your Spells              Type           Power      Damage    Failure   Level
a - Sandblast             Erth           24%        2d8       5%          1

Your spell library contained the following spells:

 Spells                   Type           Power      Damage    Failure   Level
 Passwall                 Tmut/Erth      6%         N/A       13%         2
 Wereblood                Tmut           4%         N/A       22%         2
 Sublimation of Blood     Necr           1%         N/A       30%         2
 Stone Arrow              Conj/Erth      12%        3d7       32%         3
 Gell's Gravitas          Tloc           1%         N/A       52%         3
 Teleport Other           Tloc           1%         N/A       52%         3
 Petrify                  Tmut/Erth      8%         N/A       65%         4
 Dispersal                Tloc           0%         N/A       100%        6
 Summon Hydra             Summ           0%         N/A       100%        7


Dungeon Overview and Level Annotations

Branches:
Dungeon (2/15)

Altars:

Annotations:
D:2 Terence


Innate Abilities, Weirdness & Mutations

A meltable shield of frost defends you. (SH +4)


Message History

Aim: an endoplasm (heavily wounded, 98% to hit)
The blast of sand hits the endoplasm.
You kill the endoplasm!
HP restored.
d - 4 scrolls labelled QINNUIFUUFF (gained 1)
You see here 8 stones.
A hobgoblin comes into view.
You see here 10 gold pieces.
A hobgoblin is nearby!
A hobgoblin is nearby!
A hobgoblin is nearby!
A hobgoblin is nearby!
A ball python comes into view.
Terence the Incautious comes into view.
He is wielding a +0 falchion.
The ball python hisses angrily.
The hobgoblin shouts!
Terence shouts!
A kobold comes into view. It is wielding a +0 short sword.
The kobold shouts!
You hear a shout!
You miscast Sandblast.
You are very lightly contaminated with residual magic.
Nothing appears to happen.
A kobold comes into view. It is wielding a +0 short sword.
The ball python bites you but does no damage.
The ball python grabs you. The ball python constricts you.
The blast of sand hits the ball python!
You kill the ball python!
Terence closely misses you.
An endoplasm comes into view.
The blast of sand hits Terence.
Terence is moderately wounded.
The endoplasm quivers.
Terence barely misses you. The hobgoblin hits you.
Terence attacks as you move away! Terence hits you with a +0 falchion!
Ouch! That really hurt!
* * * LOW HITPOINT WARNING * * *
You see here 10 gold pieces.
Your magical contamination has completely faded away.
You see here 8 stones.
Terence attacks as you move away! Terence misses you.
Terence attacks as you move away! Terence hits you with a +0 falchion!
You die...

.................#
.................#
#...<...<......
#..............
##............?.
.####...#...##......
....................
###.###..#####.#....
# #...@....$.#....
#.#.@......# ..)
#.#........# #
#.$g.....#
###.##...# #K# .###
#....K...#
#.........#
..............#


You could see Terence, a hobgoblin and 2 kobolds.

Vanquished Creatures
  2 dart slugs (D:1)
  3 ball pythons
  3 endoplasms
  A giant cockroach (D:1)
  A goblin (D:1)
  A hobgoblin (D:1)
  A quokka (D:1)
  3 bats (D:1)
  4 rats (D:1)
19 creatures vanquished.

Notes
Turn   | Place    | Note
-------+----------+-------------------------------------------
     0 | D:1      | DemonSlayer the Demonspawn Earth Elementalist began the
                  | quest for the Orb.
     0 | D:1      | Reached XP level 1. HP: 13/13 MP: 3/3
   252 | D:1      | Reached skill level 3 in Earth Magic
   252 | D:1      | Gained mutation: A meltable shield of frost defends you.
                  | (SH +4) [demonic ancestry]
   252 | D:1      | Reached XP level 2. HP: 9/19 MP: 0/5
  1532 | D:2      | Noticed Terence
  1541 | D:2      | Slain by Terence

Illustrated notes

Levels and vault maps discovered:
D:1:      sevenhm_arrival_forest_fort_large_4, layout_loops_ring,
          minmay_tromino_i4
D:2:      layout_rooms, hellmonk_ecumenical_altar_inner_sanctum, uniq_terence

Skill      XL: |  1 |
---------------+----+-----
Dodging        | 2 |  2.2
Earth Magic    | 3 |  3.1
Stealth        | |  1.7
Unarmed Combat | |  0.1
Spellcasting   | |  2.2
Transmutations | |  0.8

Action                   || total
-------------------------++-------
Melee: Unarmed           ||    24
       Punch             ||     1
       Dagger            ||    13
 Cast: Sandblast         ||    32
  Use: Potion            ||     1
 Stab: Sleeping          ||     1
Armor: Robe              ||    18
Dodge: Dodged            ||    52
Block: Other             ||     5
